 Dungeon Crawl Stone Soup version 0.17-a0-2220-g6fea741 (webtiles) character file.

226 tp1 the Thaumaturge (level 5, -2/28 HPs)
             Began as a Deep Elf Conjurer on Oct 28, 2015.
             Slain by HaroldButt's ghost (5 damage)
             ... on level 4 of the Dungeon.
             The game lasted 00:18:53 (3762 turns).

tp1 the Thaumaturge (Deep Elf Conjurer)             Turns: 3762, Time: 00:18:53

Health: -2/28      AC:  6    Str:  5    XL:     5   Next: 69%
Magic:  11/17      EV: 13    Int: 21    God:
Gold:   157        SH:  0    Dex: 15    Spells: 4 memorised, 9 levels left

rFire  . . .     SeeInvis .     z - +4 quarterstaff (chaos)
rCold  . . .     Clarity  .     a - +0 robe
rNeg   . . .     SustAt   .     (no shield)
rPois  .         Gourm    .     (helmet restricted)
rElec  .         Spirit   .     u - +1 cloak
rCorr  .         Warding  .     (no gloves)
rMut   .         Stasis   .     (no boots)
MR     +....                    (no amulet)
Stlth  ++........               s - ring of protection from magic
                                r - ring of invisibility

@: very slightly contaminated, hasted, very quick, somewhat resistant to hostile
enchantments, unstealthy
A: horns 1, slimy green scales 1, wild magic 1
a: Evoke Invisibility


You were on level 4 of the Dungeon.
You were not hungry.

You visited 1 branch of the dungeon, and saw 4 of its levels.

You collected 157 gold pieces.

Inventory:

Hand Weapons
 t - a +0 short sword
 z - a +4 quarterstaff of chaos (weapon)
 A - a +1 dagger of venom
Armour
 a - a +0 robe (worn)
 u - a +1 cloak (worn)
 w - a +0 cloak
 y - a +0 ring mail
Jewellery
 o - an uncursed ring of poison resistance
 r - a ring of invisibility (left hand)
 s - a ring of protection from magic (right hand)
Scrolls
 d - a scroll of enchant armour
 e - 2 scrolls of fear {unknown}
 f - a scroll of blinking
 g - 2 scrolls of teleportation
 p - 4 scrolls of remove curse
 v - 2 scrolls of enchant weapon
Potions
 h - a potion of curing {unknown}
 i - 2 potions of agility
 l - a potion of brilliance
Books
 b - a book of Conjurations

   Spells                             Type                      Level
   a - Magic Dart                     Conjuration                  1
   b - Searing Ray                    Conjuration                  2
   c - Dazzling Spray                 Conjuration/Hexes            3
   d - Fulminant Prism                Conjuration/Hexes            4
   e - Iskenderun's Mystic Blast      Conjuration                  4
   f - Iskenderun's Battlesphere      Conjuration/Charms           5
Comestibles
 c - 5 bread rations
 j - a royal jelly
 m - a beef jerky
 n - 3 fruits
 q - 3 meat rations
 x - 2 chunks of flesh


   Skills:
 - Level 2.4 Dodging
 - Level 2.4 Stealth
 - Level 8.1 Spellcasting
 - Level 4.3 Conjurations
 + Level 0.0 Charms


You had 9 spell levels left.
You knew the following spells:

 Your Spells              Type           Power        Failure   Level  Hunger
a - Magic Dart            Conj           ####         4%          1    None
b - Searing Ray           Conj           #####.       5%          2    None
c - Dazzling Spray        Conj/Hex       ####....     22%         3    None
d - Iskenderun's Battles  Conj/Chrm      ####....     94%         5    #####..


Dungeon Overview and Level Annotations

Branches:
Dungeon (4/15)
 Temple: D:4-7

Altars:

Annotations:
D:4 HaroldButt's ghost, weakling DDNe


Innate Abilities, Weirdness & Mutations

You have a pair of small horns on your head.
You are partially covered in slimy green scales (AC +2).
Your spells are a little harder to cast, but a little more powerful.


Message History

HaroldButt's ghost is heavily damaged.
HaroldButt's ghost hits you but does no damage.
You closely miss HaroldButt's ghost.
HaroldButt's ghost is heavily damaged.
HaroldButt's ghost hits you but does no damage.
HaroldButt's ghost is infused with unholy energy.
HaroldButt's ghost draws life force from you and is healed!
Casting: Searing Ray
Confirm with . or Enter, or press ? or * to list all spells.
Aiming: Dazzling Spray
Press: ? - help, Shift-Dir - straight line, f/p - HaroldButt's ghost
Aim: HaroldButt's ghost (moderately damaged)
You miscast Dazzling Spray.
You are very lightly contaminated with residual magic.
The air around you crackles with energy!
HaroldButt's ghost hits you!
* * * LOW HITPOINT WARNING * * *
Drink which item? (? for menu, Esc to quit)
You feel yourself speed up. HaroldButt's ghost hits you.
You die...

♣.♣♣ #..#
♣♣.♣ #..###
♣.♣♣ #..#.#
♣♣.♣♣ #..#.#
♣...♣♣ #....#
♣....♣ #.<..#
##..## #..###
##....####..#
#..W@..##..##
##.#.......#
#.#######.#
.a.......#
#.#
.......#.#
#.#


Wa..... .. #.# ....... #.# #.. ####### .# #.. .? .. You could see HaroldButt's
ghost.

Vanquished Creatures
  Crazy Yiuf (D:4)
  An orc wizard (D:3)
  An orc priest (D:3)
  4 adders
  4 gnolls (D:3)
  A worm (D:2)
  2 giant geckos
  An orc (D:3)
  6 bats
  4 hobgoblins
  4 jackals
  6 giant cockroaches
  6 giant newts
  10 goblins
  8 kobolds
  A quokka (D:3)
  5 rats
65 creatures vanquished.

Notes
Turn   | Place    | Note
--------------------------------------------------------------
     0 | D:1      | tp1 the Deep Elf Conjurer began the quest for the Orb.
     0 | D:1      | Reached XP level 1. HP: 10/10 MP: 6/6
   175 | D:1      | Reached XP level 2. HP: 15/15 MP: 6/9
   179 | D:1      | Learned a level 2 spell: Searing Ray
  1207 | D:2      | Reached skill level 5 in Spellcasting
  1207 | D:2      | Reached XP level 3. HP: 15/19 MP: 4/11
  1216 | D:2      | Learned a level 3 spell: Dazzling Spray
  2343 | D:3      | Reached skill level 6 in Spellcasting
  2343 | D:3      | Reached XP level 4. HP: 24/24 MP: 9/14
  2860 | D:3      | Reached skill level 7 in Spellcasting
  2860 | D:3      | Reached XP level 5. HP: 12/28 MP: 6/16
  2860 | D:3      | HP: 1/28 [orc priest/divine providence (11)]
  3343 | D:3      | Gained mutation: You are partially covered in slimy green scales (AC +2). [potion of mutation]
  3343 | D:3      | Gained mutation: You have a pair of small horns on your head. [potion of mutation]
  3343 | D:3      | Gained mutation: Your spells are a little harder to cast, but a little more powerful. [potion of mutation]
  3579 | D:3      | Learned a level 5 spell: Iskenderun's Battlesphere
  3710 | D:4      | Noticed Crazy Yiuf
  3716 | D:4      | Killed Crazy Yiuf
  3716 | D:4      | Reached skill level 8 in Spellcasting
  3740 | D:4      | Noticed HaroldButt's ghost (weakling DDNe)
  3762 | D:4      | Slain by HaroldButt's ghost

Vault maps used:
D:1:      dpeg_arrival_tiny_d, grunt_decor_cap
D:2:      first_bread
D:3:      lemuel_upstairs_altar
D:4:      uniq_crazy_yiuf_cottage

Action                   |  1- 3 |  4- 6 || total
-------------------------+-------+-------++-------
Melee: Quarterstaff      |       |     4 ||     4
 Cast: Magic Dart        |    58 |    42 ||   100
       Searing Ray       |     4 |     9 ||    13
  Use: Scroll            |       |    12 ||    12
       Potion            |       |     3 ||     3
  Eat: Chunk             |     3 |     6 ||     9
